 Dungeon Crawl Stone Soup version 0.29.1-4-g47bece8355 (webtiles) character file.

Game seed: 17025797969959325928

94 styxcanada the Sneak (level 4, 0/23 HPs)
             Began as a Spriggan Brigand on Dec 11, 2022.
             Succumbed to an adder's poison
             ... on level 2 of the Dungeon on Dec 12, 2022.
             The game lasted 00:08:36 (2525 turns).

styxcanada the Sneak (Spriggan Brigand)             Turns: 2525, Time: 00:08:37

Health: 0/23       AC:  5    Str:  7    XL:     4   Next: 38%
Magic:  5/5        EV: 17    Int: 12    God:
Gold:   91         SH:  0    Dex: 18    Spells: 3/3 levels left

rFire   . . .      SeeInvis +   a - +2 dagger
rCold   . . .      Faith    .   (no shield)
rNeg    . . .      Spirit   .   b - +0 robe
rPois   .          Reflect  .   f - +2 hat
rElec   .          Harm     .   c - +0 cloak
rCorr   .          Rampage  .   (gloves unavailable)
Will    .....                   (boots unavailable)
Stlth   ++++......              (no amulet)
HPRegen 0.07/turn               (no ring)
MPRegen 0.09/turn               (no ring)

@: lethally poisoned (0 -> -7), very quick
A: very small, no large weapons, unfitting armour, see invisible, speed 3
a: no special abilities


You were on level 2 of the Dungeon.
You visited 1 branch of the dungeon, and saw 2 of its levels.

You collected 91 gold pieces.

Inventory:

Hand Weapons
 a - a +2 dagger (weapon)
 i - a +0 sling
Missiles
 e - 3 curare-tipped darts (quivered)
 h - 22 stones
Armour
 b - a +0 robe (worn)
 c - a +0 cloak (worn)
 f - a +2 hat (worn)


   Skills:
 * Level 1.9 Fighting
 + Level 2.3 Short Blades
 + Level 1.3 Ranged Weapons
 + Level 2.4 Throwing
 * Level 2.6 Dodging
 * Level 7.3 Stealth


You had 3 spell levels left.
You didn't know any spells.
Your spell library was empty.

Dungeon Overview and Level Annotations

Branches:
Dungeon (2/15)

Altars:


Innate Abilities, Weirdness & Mutations

You are very small and have problems with some larger weapons.
You are too small for most types of armour.
You have supernaturally acute eyesight. (SInv)
You cover ground extremely quickly. (Speed+++)


Message History

The adder is almost dead.
The adder bites you.
You closely miss the adder.
The adder is almost dead.
The adder completely misses you.
You barely miss the adder.
The adder is almost dead.
The adder bites you.
You are poisoned.
The adder poisons you!
You closely miss the adder.
The adder is almost dead.
You feel sick.
The adder looks more healthy.
The adder bites you.
You closely miss the adder.
The adder is almost dead.
You feel sick. The adder bites you.
You are more poisoned.
The adder poisons you! The adder bites you.
You are lethally poisoned!
The adder poisons you!
You barely miss the adder.
The adder is almost dead.
You feel very sick. The adder completely misses you.
You hit the adder.
You kill the adder!
* * * LOW HITPOINT WARNING * * *
You feel very sick.
* * * LOW HITPOINT WARNING * * *
You feel sick.
You see here an adder corpse.
There is a lethal amount of poison in your body!
You aren't carrying any potions.
You aren't carrying any scrolls.
There is a lethal amount of poison in your body!
* * * LOW HITPOINT WARNING * * *
You feel sick.
* * * LOW HITPOINT WARNING * * *
You feel sick.
You die...

###### .....# #############
#.##.# #......)....#
#.##.##########.#########.#
#.##.^..........# #.#### #
#............#### #.#.. .
########.)...############.#.# ..
.........#..†..@..(.(....#.###.#
.....###.....###......#.........#
......##..#.## #.###.###......###
....>.#.....####.##.## ##......#
...................## ##..(..#
.....##...######.##.## ##..)...#
......#...# #.###.###.##.##(#
.#.#..#...# #.# #..#..##.##.#
......#...# #.#.#.##.##.#


There were no monsters in sight!

Vanquished Creatures
  Robin (D:2)
  3 adders (D:2)
  3 worms (D:2)
  2 ball pythons (D:1)
  3 bats
  4 endoplasms
  4 giant cockroaches
  12 goblins
  3 hobgoblins
  A quokka (D:1)
  A frilled lizard (D:1)
  3 kobolds (D:2)
  5 rats
45 creatures vanquished.

Notes
Turn   | Place    | Note
-------+----------+-------------------------------------------
     0 | D:1      | styxcanada the Spriggan Brigand began the quest for the
                  | Orb.
     0 | D:1      | Reached XP level 1. HP: 10/10 MP: 2/2
   335 | D:1      | Reached skill level 6 in Stealth
   576 | D:1      | Reached XP level 2. HP: 3/14 MP: 3/3
  1757 | D:2      | Reached XP level 3. HP: 18/18 MP: 4/4
  1808 | D:2      | Noticed Robin
  1842 | D:2      | Reached skill level 7 in Stealth
  1862 | D:2      | Killed Robin
  2197 | D:2      | Reached XP level 4. HP: 12/23 MP: 5/5
  2310 | D:2      | Reached skill level 1 in Ranged Weapons
  2524 | D:2      | HP: 1/23 [poisoned by an adder]
  2525 | D:2      | Succumbed to an adder's poison

Illustrated notes

Levels and vault maps discovered:
D:1:      amcnicky_arrival_abandoned_market, layout_basic, minivault_24,
          kennysheep_flooded_box
D:2:      layout_loops_ring, dreamdust_ecumenical_altar_drowned_temple,
          serial_shops, shop, uniq_robin

Skill      XL: |  1  2  3  4 |
---------------+-------------+-----
Stealth        | 6 7 |  7.3
Dodging        | 2 |  2.6
Ranged Weapons | 1 |  1.3
Fighting       | |  1.9
Short Blades   | |  2.3
Throwing       | |  2.4

Action                   |  1- 3 |  4- 6 || total
-------------------------+-------+-------++-------
Melee: Dagger            |    96 |    17 ||   113
       Punch             |     2 |       ||     2
 Fire: Sling             |    29 |     4 ||    33
Throw: Dart              |    26 |    14 ||    40
  Use: Potion            |     2 |       ||     2
       Scroll            |       |     2 ||     2
 Stab: Sleeping          |     5 |       ||     5
Armor: Robe              |    16 |     1 ||    17
Dodge: Dodged            |    65 |     7 ||    72
